Map: [ESL] Altitude

Players

Mixu - Winner!

  • Race: Zerg Zerg
  • League: Grandmaster
  • Spawn Location: 1:00

ShaDoWn

  • Race: Protoss Protoss
  • Spawn Location: 7:00

Event: HomeStory Cup XXIII

VOD

Have the link to the VOD?

Description

Time

  • Played on: July 1, 2023, 1:25 p.m.
  • Length: 16:28

All games in this series

Show
View Real Time Build Order
Export as new Build Order

Mixu Zerg - Winner!

Build Orders: Hatch First 

Get SALT Encoding   

  12  0:00  Drone  
  13  0:12  Overlord  
  13  0:17  Drone  
  14  0:30  Drone x2  
  16  0:48  Hatchery  
  15  0:52  Drone  
  15  0:56  Drone  
  17  0:59  Drone  
  18  1:11  Extractor  
  18  1:15  Spawning Pool  
  16  1:18  Drone  
  16  1:21  Drone  
  18  1:28  Drone  
  19  1:38  Drone  
  20  1:49  Overlord  
  20  2:02  Queen x2  
  20  2:03  Zergling x4  
  26  2:10  Drone  
  26  2:11  Drone  
  26  2:14  Metabolic Boost  
  28  2:21  Drone  
  28  2:22  Drone  
  30  2:36  Hatchery  
  29  2:38  Drone  
  29  2:43  Drone  
  31  2:47  Queen  
  33  2:52  Overlord  
  33  2:54  Drone  
  34  3:01  Drone x2  
  35  3:14  Drone  
  35  3:15  Drone x2, Overlord  
  35  3:16  Drone x2  
  35  3:19  Queen  
  41  3:25  Zergling x2  
  41  3:26  Drone  
  43  3:34  Spore Crawler  
  42  3:36  Drone  
  42  3:38  Queen, Drone  
  46  3:41  Zergling x2  
  46  3:42  Drone x2  
  46  3:47  Overlord  
  49  3:48  Drone  
  49  3:49  Drone  
  49  3:52  Spore Crawler  
  50  3:57  Overlord  
  50  4:06  Drone x2  
  50  4:09  Zergling x6  
  54  4:14  Overlord, Evolution Chamber  
  54  4:16  Drone x2  
  55  4:23  Zergling x2  
  56  4:24  Drone x2  
  56  4:26  Drone x3  
  56  4:28  Queen  
  63  4:37  Drone  
  61  4:40  Zergling x2  
  61  4:42  Drone x5  
  67  4:48  Drone x3, Zerg Melee Weapons Level 1  
  67  4:49  Roach Warren  
  67  4:51  Overlord  
  67  4:52  Drone  
  70  4:54  Drone  
  71  5:03  Zergling x2  
  71  5:06  Hatchery  
  71  5:07  Drone  
  72  5:09  Drone x2  
  72  5:11  Overlord  
  74  5:14  Spore Crawler  
  74  5:16  Zergling x4  
  74  5:23  Drone x2  
  74  5:24  Drone x3  
  74  5:28  Overlord, Evolution Chamber  
  76  5:31  Lair  
  76  5:40  Drone x5  
  81  5:44  Extractor, Drone  
  81  5:45  Extractor  
  81  5:49  Drone x3  
  83  5:52  Drone x2  
  83  5:56  Overlord  
  85  5:58  Zergling x6  
  85  6:01  Zergling x6  
  90  6:05  Overlord  
  90  6:10  Zergling x6  
  89  6:15  Overlord  
  89  6:16  Zergling x4  
  91  6:18  Zergling x4  
  91  6:22  Zergling x12  
  97  6:26  Hatchery  
  97  6:29  Zergling x2  
  96  6:34  Zergling x12  
  101  6:42  Zergling x2  
  101  6:43  Zergling x4  
  101  6:44  Zerg Melee Weapons Level 2  
  103  6:47  Zergling x2  
  103  6:49  Glial Reconstitution  
  103  6:51  Baneling Nest  
  103  6:52  Drone x5  
  103  6:53  Drone  
  109  6:55  Drone x3  
  109  7:01  Overlord x2  
  109  7:03  Zergling x2  
  109  7:06  Zergling x2  
  106  7:10  Zergling x2  
  106  7:12  Zergling x6  
  103  7:20  Roach x6  
  103  7:21  Drone x4  
  119  7:26  Drone x5  
  119  7:29  Drone  
  120  7:34  Drone  
  120  7:36  Extractor  
  116  7:37  Extractor x2, Zergling x4  
  116  7:38  Extractor  
  116  7:43  Zergling x4  
  117  7:44  Queen  
  117  7:46  Roach x2  
  117  7:49  Overlord x4  
  117  7:50  Roach x5  
  117  7:51  Ravager  
  134  8:01  Centrifugal Hooks  
  134  8:03  Overlord  
  134  8:07  Baneling x3  
  134  8:08  Baneling x3  
  134  8:09  Zergling x2  
  134  8:10  Zergling x16  
  134  8:12  Overlord  
  143  8:13  Zergling x2  
  143  8:15  Zergling x2  
  143  8:17  Overlord  
  143  8:19  Zergling x12  
  150  8:22  Overlord  
  150  8:23  Zergling x8  
  154  8:29  Zergling x4  
  156  8:36  Zergling x14  
  156  8:39  Zergling x4  
  156  8:40  Queen  
  165  8:42  Zergling x6  
  165  8:45  Zergling x4  
  169  8:51  Baneling x2  
  169  8:54  Zergling x16  
  177  8:58  Zergling x8  
  177  9:02  Zergling x10  
  176  9:05  Roach x2  
  176  9:06  Baneling x6  
  176  9:07  Hatchery, Baneling x6  
  168  9:11  Roach x4  
  168  9:16  Zergling x14  
  180  9:20  Baneling x6  
  180  9:21  Baneling  
  180  9:22  Baneling x4  
  176  9:28  Zergling x14  
  181  9:31  Zergling x8  
  181  9:36  Zergling x4  
  181  9:38  Zergling x6  
  171  9:40  Zergling x2  
  171  9:45  Zergling x12  
  169  9:50  Baneling x19  
  169  9:51  Ravager  
  169  9:52  Ravager  
  170  9:55  Ravager x8  
  178  10:02  Zergling x14  
  178  10:05  Zergling x2  
  178  10:06  Zergling x6  
  185  10:14  Zergling x8  
  185  10:18  Zergling x12  
  189  10:23  Roach x4  
  181  10:34  Roach x5  
  151  10:43  Zergling x10  
  152  10:51  Zergling x8  
  152  10:53  Queen, Zergling x8  
  152  10:54  Spore Crawler  
  161  10:57  Baneling  
  161  10:58  Baneling x9, Zergling x6  
  161  11:02  Zergling x10  
  168  11:07  Zergling x14  
  171  11:11  Zergling x2  
  171  11:17  Zergling x12  
  178  11:25  Zergling x14  
  185  11:28  Baneling x6  
  185  11:30  Zergling x8  
  185  11:31  Baneling x11  
  189  11:35  Baneling x8  
  189  11:38  Hatchery, Spore Crawler  
  186  11:40  Zergling x10  
  186  11:50  Roach x6  
  186  11:54  Zergling x12  
  192  11:59  Roach x4  
  188  12:10  Zergling x6  
  188  12:11  Zergling x14, Infestation Pit  
  188  12:12  Baneling x4  
  197  12:20  Zergling x6  
  197  12:22  Zergling x4  
  200  12:27  Zergling x6  
  200  12:29  Baneling x7  
  198  12:30  Baneling x9  
  198  12:32  Zergling x4  
  199  12:50  Zergling x18  
  187  12:53  Zergling x22  
  190  12:59  Zergling x10  
  190  13:04  Hydralisk Den  
  190  13:05  Zergling x12  
  198  13:06  Baneling x8  
  198  13:11  Baneling x6  
  187  13:14  Hive  
  187  13:16  Zergling x12  
  187  13:19  Zergling x12  
  198  13:26  Zergling x6  
  198  13:31  Roach x3  
  198  13:34  Zergling x8  
  175  13:39  Zergling x6  
  161  13:45  Roach x8  
  161  13:47  Zerg Missile Weapons Level 1  
  156  13:51  Zergling x12  
  153  13:57  Baneling x3  
  153  13:58  Baneling x22  
  153  13:59  Baneling  
  153  14:00  Baneling x10  
  153  14:07  Zergling x18  
  159  14:12  Roach x3  
  162  14:17  Roach x3  
  162  14:20  Zergling x10  
  173  14:32  Zergling x12  
  179  14:41  Hatchery  
  179  14:44  Zergling x2  
  179  14:45  Zergling x4  
  176  14:49  Zergling x2  
  166  14:55  Zergling x4  
  166  14:58  Zergling x12  
  155  15:00  Zergling x14  
  155  15:02  Roach x2  
  161  15:10  Roach x6  
  170  15:14  Ravager x5  
  170  15:20  Drone x9  
  184  15:23  Extractor  
  181  15:33  Zergling x18  
  181  15:34  Baneling x7  
  190  15:39  Hatchery  
  190  15:40  Zergling x6  
  181  15:47  Zergling x6  
  151  15:51  Roach x2  
  151  15:53  Roach x4  
  151  15:54  Roach  
  150  15:58  Roach x2  
  150  16:02  Roach x3  
  159  16:06  Roach x2  
Show
View Real Time Build Order
Export as new Build Order

ShaDoWn Protoss 

Build Orders: 1 Gate Expand, Oracle Opening 

Get SALT Encoding   

  12  0:00  Probe  
  13  0:12  Probe  
  14  0:19  Pylon  
  14  0:24  Probe  
  15  0:33  Assimilator  
  15  0:37  Probe (Chrono Boost)  
  16  0:44  Gateway  
  16  0:49  Probe (Chrono Boost)  
  17  0:54  Probe (Chrono Boost)  
  18  1:05  Probe  
  19  1:17  Probe  
  20  1:25  Nexus  
  20  1:35  Cybernetics Core  
  20  1:38  Probe  
  21  1:43  Assimilator  
  21  1:50  Probe  
  22  1:54  Pylon  
  22  2:02  Probe (Chrono Boost), Adept  
  23  2:11  Warp Gate  
  23  2:14  Probe (Chrono Boost)  
  26  2:20  Stargate  
  27  2:23  Probe (Chrono Boost)  
  27  2:31  Probe (Chrono Boost)  
  27  2:34  Stalker  
  30  2:37  Probe (Chrono Boost)  
  32  2:46  Probe x2 (Chrono Boost)  
  33  2:51  Probe (Chrono Boost)  
  33  2:53  Probe  
  35  3:03  Probe  
  35  3:04  Oracle (Chrono Boost)  
  35  3:09  Probe  
  39  3:13  Pylon  
  39  3:16  Probe  
  40  3:21  Probe  
  40  3:23  Gateway  
  41  3:28  Probe  
  41  3:31  Oracle (Chrono Boost)  
  41  3:33  Probe  
  43  3:40  Probe  
  47  3:45  Probe  
  48  3:49  Nexus  
  48  3:52  Pylon  
  48  3:54  Probe  
  49  3:57  Probe  
  49  4:00  Adept  
  52  4:06  Probe  
  52  4:07  Oracle (Chrono Boost)  
  52  4:09  Probe  
  54  4:13  Pylon  
  54  4:15  Assimilator  
  57  4:18  Probe  
  57  4:22  Probe  
  59  4:29  Assimilator  
  59  4:30  Probe  
  60  4:39  Probe  
  60  4:40  Stalker x2  
  60  4:43  Probe, Forge  
  66  4:45  Twilight Council  
  66  4:50  Pylon  
  66  4:52  Probe (Chrono Boost)  
  67  4:58  Probe (Chrono Boost)  
  67  4:59  Shield Battery  
  68  5:01  Probe (Chrono Boost)  
  70  5:07  Stalker x2  
  70  5:09  Probe (Chrono Boost)  
  70  5:10  Probe (Chrono Boost)  
  70  5:11  Probe (Chrono Boost)  
  76  5:17  Probe  
  76  5:20  Probe  
  78  5:22  Probe  
  78  5:23  Protoss Ground Weapons Level 1  
  79  5:29  Probe  
  79  5:30  Stalker  
  79  5:31  Stalker  
  79  5:32  Blink (Chrono Boost)  
  79  5:33  Probe (Chrono Boost)  
  79  5:34  Probe (Chrono Boost)  
  83  5:42  Assimilator  
  80  5:43  Assimilator  
  80  5:45  Probe (Chrono Boost)  
  80  5:46  Probe (Chrono Boost)  
  82  5:51  Probe (Chrono Boost)  
  82  5:53  Stalker  
  82  5:54  Probe (Chrono Boost), Stalker  
  82  5:56  Probe (Chrono Boost)  
  89  5:58  Probe (Chrono Boost)  
  89  6:00  Pylon  
  89  6:01  Probe  
  89  6:03  Gateway  
  90  6:05  Gateway  
  90  6:14  Probe  
  90  6:17  Nexus  
  91  6:19  Probe, Pylon  
  92  6:26  Stalker x2  
  92  6:29  Probe  
  97  6:35  Probe x2  
  97  6:37  Shield Battery  
  97  6:39  Photon Cannon  
  99  6:41  Probe, Pylon  
  100  6:47  Probe x2  
  100  6:51  Stalker x2  
  100  6:53  Gateway  
  100  6:54  Probe  
  107  6:56  Gateway  
  107  7:02  Probe, Stalker x2  
  107  7:03  Probe  
  103  7:16  Probe x2  
  103  7:17  Probe  
  103  7:19  Assimilator x2  
  103  7:20  Pylon, Protoss Ground Weapons Level 2  
  106  7:23  Gateway  
  106  7:28  Probe x2  
  106  7:29  Probe  
  105  7:31  Stalker x4  
  105  7:34  Probe, Charge (Chrono Boost), Oracle  
  113  7:40  Probe  
  114  7:48  Robotics Facility  
  114  7:50  Probe x2  
  116  7:55  Gateway  
  116  7:58  Gateway  
  116  7:59  Gateway  
  116  8:02  Probe, Gateway  
  116  8:03  Pylon  
  116  8:04  Pylon, Templar Archives  
  116  8:05  Stalker x4  
  125  8:11  Stalker x2  
  129  8:18  Stalker  
  131  8:24  Photon Cannon  
  131  8:30  Stalker x4  
  131  8:33  Psionic Storm  
  139  8:37  Pylon  
  139  8:45  High Templar x3  
  145  8:53  Zealot x4  
  145  8:54  Zealot  
  155  8:59  Probe  
  154  9:03  Photon Cannon  
  154  9:06  Stalker x2  
  154  9:07  Stalker  
  156  9:11  Nexus  
  156  9:13  Pylon  
  156  9:15  Pylon  
  148  9:24  Stalker x4  
  148  9:29  Probe  
  148  9:30  Photon Cannon  
  148  9:31  Photon Cannon  
  153  9:34  Zealot x3, Stalker x4  
  153  9:37  Probe (Chrono Boost)  
  155  9:42  Probe (Chrono Boost)  
  143  9:47  Probe (Chrono Boost)  
  143  9:49  Probe (Chrono Boost)  
  143  9:52  Probe (Chrono Boost)  
  145  9:53  Probe (Chrono Boost)  
  145  9:56  Probe (Chrono Boost)  
  145  9:57  Probe (Chrono Boost)  
  145  9:58  High Templar x3  
  155  10:04  High Templar  
  155  10:06  Nexus  
  153  10:19  Pylon  
  149  10:27  Pylon  
  149  10:28  Pylon  
  143  10:33  Probe x3  
  140  10:37  Archon  
  140  10:41  Stalker x4  
  122  10:44  Zealot x5  
  122  10:50  Probe (Chrono Boost)  
  122  10:55  Probe (Chrono Boost)  
  125  10:58  Probe (Chrono Boost)  
  125  11:01  Probe (Chrono Boost)  
  125  11:04  Probe (Chrono Boost)  
  125  11:05  Probe (Chrono Boost)  
  125  11:06  Pylon  
  125  11:07  Probe (Chrono Boost), High Templar x9  
  125  11:08  Probe (Chrono Boost)  
  125  11:09  Probe (Chrono Boost)  
  144  11:12  Probe  
  144  11:13  Archon x2  
  144  11:17  Probe  
  146  11:19  Probe  
  146  11:21  Probe  
  146  11:25  Probe  
  149  11:27  Shield Battery  
  149  11:28  Pylon  
  149  11:30  Probe  
  147  11:38  Shield Battery  
  147  11:40  High Templar x7  
  146  11:49  Nexus  
  146  11:56  Archon  
  146  11:57  Stalker x2  
  144  12:01  Probe  
  144  12:02  Probe  
  144  12:03  Probe, Pylon  
  144  12:07  Probe  
  144  12:08  Pylon  
  148  12:13  Probe  
  149  12:18  Zealot x3  
  149  12:21  Probe  
  151  12:31  Probe  
  151  12:32  Nexus, High Templar x5  
  151  12:33  Pylon  
  151  12:36  Archon x2  
  162  12:40  Probe  
  162  12:42  Pylon  
  163  12:47  Robotics Facility  
  153  12:54  Stalker x4  
  156  12:58  Archon  
  156  13:02  Probe x2  
  155  13:07  Probe  
  154  13:18  Nexus  
  153  13:20  Pylon  
  153  13:22  Zealot x4  
  140  13:35  Zealot x4  
  140  13:38  Archon  
  140  13:42  Archon  
  140  13:46  Probe x2, High Templar x4  
  140  13:48  Probe  
  139  13:50  Probe  
  139  13:51  Warp Prism (Chrono Boost)  
  142  13:58  Probe, Zealot  
  142  13:59  Probe  
  146  14:03  High Templar x3  
  152  14:11  Probe  
  152  14:13  Probe  
  152  14:23  High Templar x5  
  162  14:24  Archon  
  162  14:26  Probe  
  162  14:28  Probe  
  162  14:31  Probe  
  162  14:32  Shield Battery  
  162  14:33  Probe x2, Photon Cannon  
  162  14:35  Pylon  
  162  14:36  Zealot x3  
  169  14:38  Probe  
  142  14:57  Stalker x4  
  142  15:06  Probe x2  
  137  15:10  Probe  
  137  15:11  Probe  
  128  15:18  Probe x2  
  128  15:20  High Templar  
  132  15:25  Pylon  
  132  15:42  Pylon  
  116  15:43  Probe  
  97  15:51  Archon x4  
  91  15:57  High Templar x4  
  99  16:04  Archon x2  
  97  16:17  Stalker x2  
Tags
 
Add a new tag
Caveats
  • Supply blocks, unpowered buildings, or Contaminate may cause inaccurate times.
  • Supply counts are checked every 10 seconds.